 Dungeon Crawl Stone Soup version 0.25-a0-85-g7617fd2bc2 (webtiles) character file.

Game seed: 1220051642432910209, levelgen mode: deterministic

149 MrRokkomies the Vexing (level 5, -1/35 HPs)
             Began as a Vampire Enchanter on Nov 8, 2019.
             Slain by a worm (9 damage)
             ... on level 2 of the Dungeon.
             The game lasted 00:04:55 (1879 turns).

MrRokkomies the Vexing (Vampire Enchanter)          Turns: 1879, Time: 00:04:55

Health: -1/35      AC:  5    Str:  7    XL:     5   Next: 9%
Magic:  0/7        EV: 13    Int: 18    God:
Gold:   133        SH:  0    Dex: 17    Spells: 5/8 levels left

rFire    . . .     SeeInvis +   a - +1 dagger
rCold    + + .     Gourm    .   (no shield)
rNeg     . . .     Faith    .   b - +1 robe
rPois    .         Spirit   .   f - +0 helmet
rElec    .         Reflect  .   (no cloak)
rCorr    .         Harm     .   (no gloves)
MR       +....                  p - +0 pair of boots
Stlth    +++.......             (no amulet)
HPRegen  0.31/turn              m - ring of protection from magic
MPRegen  0.10/turn              (no ring)

@: regenerating quickly
A: no food, fangs 3, see invisible, agile 1, cold resistance 2, low mp 1,
unbreathing
a: Exsanguinate


You were on level 2 of the Dungeon.
You were alive.

You visited 1 branch of the dungeon, and saw 2 of its levels.

You collected 133 gold pieces.

Inventory:

Hand Weapons
 a - a +1 dagger (weapon)
 c - a +2 whip of venom
Missiles
 n - 25 sling bullets
Armour
 b - a +1 robe (worn)
 f - a +0 helmet (worn)
 p - a +0 pair of boots (worn)
Jewellery
 m - a ring of protection from magic (left hand)
Scrolls
 e - 3 scrolls of fog
 g - a scroll of fear
 l - a scroll of remove curse {unknown}
Potions
 d - 2 potions of lignification
 h - a potion of agility
 i - a potion of brilliance {unknown}
 j - a potion of ambrosia {unknown}
 k - a potion of degeneration {unknown}
 o - a potion of magic {unknown}
 q - a potion of cancellation {unknown}


   Skills:
 * Level 3.5 Short Blades
 - Level 2.1 Dodging
 + Level 5.5 Stealth
 - Level 2.0 Spellcasting
 * Level 6.3 Hexes


You had 5 spell levels left.
You knew the following spells:

 Your Spells              Type           Power        Failure   Level  Hunger
a - Corona                Hex            ###....      1%          1    N/A
b - Ensorcelled Hibernat  Hex/Ice        ##....       8%          2    N/A

Your spell library contained the following spells:

 Spells                   Type           Power        Failure   Level  Hunger
 Confuse                  Hex            ###.....     4%          3    N/A
 Tukima's Dance           Hex            ###.....     4%          3    N/A
 Dazzling Spray           Conj/Hex       ##....       14%         3    N/A

Dungeon Overview and Level Annotations

Branches:
Dungeon (2/15)

Altars:
Fedhas


Innate Abilities, Weirdness & Mutations

You do not eat.
Your natural rate of healing is unusually fast.
You have razor-sharp teeth.
You have supernaturally acute eyesight. (SInv)
You can survive without breathing.
You are agile. (Dex +2)
Your flesh is very cold resistant. (rC++)
Your magical capacity is low. (-10% MP)


Message History

The worm is severely wounded.
Casting: Ensorcelled Hibernation (safe; 8% risk of failure)
Confirm with . or Enter, or press ? or * to list all spells.
Aiming: Ensorcelled Hibernation (safe; 8% risk of failure)
Press: ? - help, Shift-Dir - straight line, f/p - worm
Aim: a worm (severely wounded, chance to defeat MR: 52%)
The worm resists with significant effort.
The worm bites you!
You hit the worm.
The worm is severely wounded.
You hit the worm.
The worm is severely wounded.
The worm bites you!
* * * LOW HITPOINT WARNING * * *
You hit the worm.
The worm is almost dead.
You hit the worm.
The worm is almost dead.
The worm bites you!
You die...

7.... 77.... 7.....
7.7... 77777. #### 77.
#...# ##7 7..
#...##############.###
###
#..(.gw@(.....(....#####
#.##############%#.....>
#. #######..####### #.
#....##.## #. #.##†.#.#
#. #.###...### #. #.#
###...##### #....####.##
#..#.....# #.......#
#.######.##


You could see a worm and a goblin.

Vanquished Creatures
  A crimson imp (D:2)
  Robin (D:1)
  3 adders (D:2)
  An ooze (D:2)
  A worm (D:2)
  2 dart slugs (D:1)
  3 leopard geckos (D:2)
  An orc (D:2)
  4 giant cockroaches
  12 goblins
  6 hobgoblins
  6 jackals
  9 kobolds
  A quokka (D:2)
  4 bats (D:2)
  4 frilled lizards
  5 rats
64 creatures vanquished.

Notes
Turn   | Place    | Note
-------+----------+-------------------------------------------
     0 | D:1      | MrRokkomies the Vampire Enchanter began the quest for the
                  | Orb.
     0 | D:1      | Reached XP level 1. HP: 13/13 MP: 3/3
   157 | D:1      | Reached XP level 2. HP: 18/19 MP: 5/5
   161 | D:1      | Learned a level 2 spell: Ensorcelled Hibernation
   340 | D:1      | Reached skill level 5 in Hexes
   818 | D:2      | Reached XP level 3. HP: 19/24 MP: 6/6
   879 | D:2      | Reached skill level 5 in Stealth
   884 | D:2      | Found a blossoming altar of Fedhas.
   918 | D:2      | Gained mutation: Potions are less effective at restoring
                  | your health. [potion of mutation]
   918 | D:2      | Gained mutation: You are partially covered in yellow
                  | scales. (AC +2) [potion of mutation]
   931 | D:2      | Reached XP level 4. HP: 10/30 MP: 2/7
   934 | D:2      | Lost mutation: Potions are less effective at restoring your
                  | health. [potion of mutation]
   934 | D:2      | Lost mutation: You are partially covered in yellow scales.
                  | (AC +2) [potion of mutation]
   934 | D:2      | Gained mutation: Your muscles are strong. (Str +2) [potion
                  | of mutation]
   934 | D:2      | Gained mutation: You have large cloven feet. [potion of
                  | mutation]
  1069 | D:2      | Lost mutation: Your muscles are strong. (Str +2) [potion of
                  | mutation]
  1069 | D:2      | Lost mutation: You have large cloven feet. [potion of
                  | mutation]
  1069 | D:2      | Gained mutation: Your flesh is cold resistant. (rC+)
                  | [potion of mutation]
  1069 | D:2      | Gained mutation: You are agile. (Dex +2) [potion of
                  | mutation]
  1069 | D:2      | Gained mutation: Your magical capacity is low. (-10% MP)
                  | [potion of mutation]
  1069 | D:2      | Gained mutation: Your flesh is very cold resistant. (rC++)
                  | [potion of mutation]
  1232 | D:2      | Reached skill level 6 in Hexes
  1379 | D:2      | Noticed Robin
  1539 | D:1      | Killed Robin
  1539 | D:1      | Reached XP level 5. HP: 21/35 MP: 0/7
  1879 | D:2      | Slain by a worm

Levels and vault maps discovered:
D:1:      psy_arrival_radial01, layout_loops_ring, minmay_hexomino_f4
D:2:      layout_rooms, fedhas_altar_fruit_tree, first_ration, uniq_robin

Skill      XL: |  1  2  3  4 |
---------------+-------------+-----
Short Blades   | 2 3 |  3.5
Hexes          | 5 6 |  6.3
Stealth        | 5 |  5.5
Dodging        | |  2.1
Spellcasting   | |  2.0

Action                   |  1- 3 |  4- 6 || total
-------------------------+-------+-------++-------
Melee: Whip              |    94 |       ||    94
       Bite              |     5 |     8 ||    13
       Dagger            |     1 |   105 ||   106
 Cast: Ensorcelled Hiber |     2 |    10 ||    12
  Use: Potion            |     1 |     2 ||     3
       Scroll            |       |     7 ||     7
 Stab: Sleeping          |     7 |    12 ||    19
       Distracted        |     1 |       ||     1
Armor: Robe              |    18 |    42 ||    60
Dodge: Dodged            |    69 |    78 ||   147

Table legend:
 A = Non-vault XP
 B = Vault XP
 C = Vault XP percentage of total XP
 D = Non-vault monster count
 E = Vault monster count
 F = Vault count percentage of total count
                 A         B        C        D         E       F
            +---------+---------+-------+---------+---------+-------
      Total |     176 |      37 |  17.4 |      52 |      12 |  18.8
            +---------+---------+-------+---------+---------+-------
        D:1 |      34 |      23 |  40.4 |      20 |       5 |  20.0
        D:2 |     142 |      14 |   9.0 |      32 |       7 |  17.9
            +---------+---------+-------+---------+---------+-------
